 Dungeon Sprint DCSS version 0.30-a0-728-gc68057be0a (webtiles) character file.

Game seed: 1976496315505573510

1042 BigDaddyOpFi the Nimble (level 8, -4/50 HPs)
             Began as a Djinni Earth Elementalist on Jan 31, 2023.
             Was a High Priest of Qazlal.
             Slain by an ice devil (28 damage)
             ... in the Dungeon (Sprint VII: "The Pits").
             The game lasted 00:04:00 (1882 turns).

BigDaddyOpFi the Nimble (Djinni Earth Elementalist) Turns: 1882, Time: 00:04:00

Health: -4/50      AC:  4    Str:  7    XL:     8   Next: 49%
Gold:   0          EV: 19    Int: 19    God:    Qazlal [*****.] SH:  6 Dex: 20

rFire   + + .      SeeInvis .    q - +1 broad axe (heavy)
rCold   x . .      Faith    .    (no shield)
rNeg    . . .      Spirit   .    a - +0 robe
rPois   ∞          Reflect  .    o - +0 helmet
rElec   .          Harm     .    p - +0 cloak
rCorr   .          Rampage  .    (no gloves)
Will    .....      NoTele   +    (boots unavailable)
Stlth   ++                       (no amulet)
HPRegen 0.28/turn                k - +3 ring of dexterity
MPRegen 0.00/turn                l - +3 ring of dexterity

@: flying, repel missiles, unable to read
A: sickness immunity, fire resistance 2, cold vulnerability 1, float, innate
caster, HP casting, extra vitality 1, inability to read after injury 1
a: Renounce Religion, Upheaval, Elemental Force, Disaster Area


You were in the Dungeon.
You worshipped Qazlal.
Qazlal was extremely pleased with you.
You visited 1 branch

Inventory:

Hand Weapons
 i - a +2 hand axe
 j - a +1 heavy hand axe
 q - a +1 heavy broad axe (weapon)
Armour
 a - a +0 robe (worn)
 o - a +0 helmet (worn)
 p - a +0 cloak (worn)
Jewellery
 k - a +3 ring of dexterity (left hand)
 l - a +3 ring of dexterity (right hand)
Scrolls
 g - a scroll of blinking
 r - a scroll of butterflies
 s - 2 scrolls of vulnerability
Potions
 b - 5 potions of magic
 c - 6 potions of curing
 d - 8 potions of heal wounds
 e - 2 potions of haste
 f - 3 potions of berserk rage
 h - 2 potions of invisibility
 m - a potion of brilliance
 n - a potion of resistance


   Skills:
 + Level 10.2 Dodging
 + Level 8.5 Stealth
 + Level 7.4 Spellcasting
 + Level 8.0 Invocations


You had 6 spell levels left.
You knew the following spells:

 Your Spells              Type           Power      Damage    Failure   Level
a - Sandblast             Erth           70%        2d15      1%          1
b - Passwall              Tmut/Erth      29%        N/A       1%          2
c - Stone Arrow           Conj/Erth      70%        3d11      1%          3
d - Petrify               Tmut/Erth      35%        N/A       4%          4
e - Magic Dart            Conj           100%       1d8       1%          1
f - Momentum Strike       Conj/Tloc      70%        3d9       1%          2
g - Searing Ray           Conj           70%        2d7       1%          2
Your spell library was empty.

Dungeon Overview and Level Annotations

Branches:
Dungeon (1/1)

Altars:
Ashenzari
Cheibriados
Dithmenos
Elyvilon
Fedhas
Gozag
Hepliaklqana
Makhleb
Nemelex Xobeh
Okawaru
Qazlal
Ru
Trog
Uskayaw
Wu Jian
Xom
Yredelemnul
Zin
The Shining One
Jiyva
Lugonu


Innate Abilities, Weirdness & Mutations

You are immune to sickness and miasma.
You are immune to poison.
Your flesh is very heat resistant. (rF++)
You are vulnerable to cold. (rC-)
You float through the air rather than walking.
You learn spells naturally, not from books.
Your magical power is your life essence.
You have superior vitality. (+4 MHP)
You occasionally lose the ability to read scrolls when taking damage.


Message History

Aiming: Stone Arrow (safe; 1% risk of failure)
Press: ? - help, Shift-Dir - straight line, f - redback
Aim: a redback (67% to hit)
The stone arrow misses the redback.
Casting: Stone Arrow (safe; 1% risk of failure)
Confirm with . or Enter, or press ? or * to list all spells.
Aiming: Stone Arrow (safe; 1% risk of failure)
Press: ? - help, Shift-Dir - straight line, f/p - redback
Aim: a redback (67% to hit)
The stone arrow hits the redback!
The redback is moderately wounded.
The redback closely misses you.
Casting: Stone Arrow (safe; 1% risk of failure)
Confirm with . or Enter, or press ? or * to list all spells.
Aiming: Stone Arrow (safe; 1% risk of failure)
Press: ? - help, Shift-Dir - straight line, f/p - redback
Aim: a redback (moderately wounded, 67% to hit)
The stone arrow hits the redback!!
You kill the redback!
Qazlal accepts your kill.
Your Invocations skill increases to level 8!
Casting: Stone Arrow (safe; 1% risk of failure)
Confirm with . or Enter, or press ? or * to list all spells.
Aiming: Stone Arrow (safe; 1% risk of failure)
Press: ? - help, Shift-Dir - straight line, f - ice devil
Aim: an ice devil (74% to hit)
The stone arrow hits the ice devil!
The ice devil is moderately wounded.
The ice devil closely misses you.
Casting: Stone Arrow (safe; 1% risk of failure)
Confirm with . or Enter, or press ? or * to list all spells.
Aiming: Stone Arrow (safe; 1% risk of failure)
Press: ? - help, Shift-Dir - straight line, f/p - ice devil
Aim: an ice devil (moderately wounded, 74% to hit)
The stone arrow hits the ice devil!!
The ice devil is almost dead.
The ice devil hits you! The ice devil freezes you!!
You feel a terrible chill!
You feel threatened and lose the ability to read scrolls!
Ouch! That really hurt!
You die...

____.# ____.#
__...###########++######
####'##................#
)))'.##......#..#......#
####.##................+
......'.......○°..°....+
#'#####......#○.#......#
.....##........§@.○....#
####)#####'#####4'######
.....##.......##''#
.....##.......##...
##'####.......##....
..÷).##...<...##.....
.....##.......##...###
.....##.......##..##
#######.......#


You could see an ice devil.

Vanquished Creatures
  A rime drake (D)
  A dream sheep (D)
  A redback (D)
  A sky beast (D)
  A centaur (D)
  A phantom (D)
  A gnoll sergeant (D)
  A scorpion (D)
  A crimson imp (D)
  A mummy (D)
  3 gnolls (D)
  A river rat (D)
  A white imp (D)
  A worm (D)
  2 orcs (D)
  2 endoplasms (D)
  A giant cockroach (D)
  A goblin (D)
  2 jackals (D)
  2 rats (D)
26 creatures vanquished.

Notes
Turn   | Place    | Note
-------+----------+-------------------------------------------
     0 | D        | BigDaddyOpFi the Djinni Earth Elementalist began the quest
                  | for the Orb.
     0 | D        | BigDaddyOpFi set off with the following spells memorised:
                  | Sandblast, Passwall, Stone Arrow, Petrify.
     0 | D        | Reached XP level 1. HP: 15/15 MP: 0/0
    18 | D        | Found a bloodstained altar of Trog.
    18 | D        | Found a viscous altar of Jiyva.
    18 | D        | Found a hazy altar of Hepliaklqana.
    18 | D        | Found an opulent altar of Gozag.
    19 | D        | Found a glowing golden altar of the Shining One.
    19 | D        | Found a glowing silver altar of Zin.
    19 | D        | Found a basalt altar of Yredelemnul.
    19 | D        | Found a shimmering altar of Xom.
    19 | D        | Found an ornate altar of the Wu Jian Council.
    19 | D        | Found a sacrificial altar of Ru.
    19 | D        | Found a stormy altar of Qazlal.
    19 | D        | Found an iron altar of Okawaru.
    19 | D        | Found a sparkling altar of Nemelex Xobeh.
    19 | D        | Found a burning altar of Makhleb.
    19 | D        | Found a blossoming altar of Fedhas.
    19 | D        | Found a white marble altar of Elyvilon.
    19 | D        | Found a shadowy altar of Dithmenos.
    19 | D        | Found a snail-covered altar of Cheibriados.
    21 | D        | Found a corrupted altar of Lugonu.
    22 | D        | Found a hide-covered altar of Uskayaw.
    22 | D        | Found a broken altar of Ashenzari.
    37 | D        | Became a worshipper of Qazlal Stormbringer
    64 | D        | Noticed a scorpion
    77 | D        | Killed a scorpion
    78 | D        | Reached skill level 5 in Dodging
    78 | D        | Reached XP level 2. HP: 21/21 MP: 0/0
    78 | D        | Reached XP level 3. HP: 25/25 MP: 0/0
    78 | D        | Learned a level 1 spell: Magic Dart
    78 | D        | Reached XP level 4. HP: 31/31 MP: 0/0
   118 | D        | Reached * piety under Qazlal
   153 | D        | Reached ** piety under Qazlal
   154 | D        | Reached skill level 1 in Invocations
   154 | D        | Noticed a phantom
   161 | D        | Killed a phantom
   162 | D        | Reached skill level 6 in Dodging
   162 | D        | Reached skill level 5 in Stealth
   162 | D        | Reached XP level 5. HP: 16/35 MP: 0/0
   162 | D        | Learned a level 2 spell: Momentum Strike
   406 | D        | Noticed a sky beast
   419 | D        | Killed a sky beast
   420 | D        | Reached skill level 7 in Dodging
   420 | D        | Reached skill level 5 in Spellcasting
   420 | D        | Reached XP level 6. HP: 28/40 MP: 0/0
   580 | D        | Reached *** piety under Qazlal
   708 | D        | Reached skill level 5 in Invocations
   802 | D        | Reached **** piety under Qazlal
   803 | D        | Reached skill level 8 in Dodging
   803 | D        | Reached XP level 7. HP: 11/45 MP: 0/0
   803 | D        | Learned a level 2 spell: Searing Ray
  1232 | D        | Noticed a dream sheep
  1236 | D        | Killed a dream sheep
  1237 | D        | Reached skill level 9 in Dodging
  1487 | D        | Reached ***** piety under Qazlal
  1660 | D        | Noticed a rime drake
  1662 | D        | Killed a rime drake
  1663 | D        | Reached skill level 10 in Dodging
  1663 | D        | Reached XP level 8. HP: 38/50 MP: 0/0
  1807 | D        | Gained mutation: You have hidden genetic potential. [potion
                  | of mutation]
  1808 | D        | Lost mutation: You have hidden genetic potential. [potion
                  | of mutation]
  1808 | D        | Gained mutation: You occasionally lose the ability to read
                  | scrolls when taking damage. [potion of mutation]
  1876 | D        | Noticed an ice devil
  1882 | D        | Slain by an ice devil

Illustrated notes

Levels and vault maps discovered:
D:        pitsprint [storerooms_1, entrance_room_1, metal_vault_4, armoury_3,
          mini_pit_1, grid_room_1, main_hall_1, silver_pit, the_coven_1,
          the_vestibule_1, steel_vault_1, golden_pit, hallway_of_sentries,
          crystal_vault_6, iron_vault_4, final_vault]

Skill      XL: |  1  2  3  4  5  6  7  8 |
---------------+-------------------------+-----
Stealth        | 4 5 6 8 |  8.5
Dodging        | 5 6 7 8 10 | 10.2
Spellcasting   | 4 5 6 7 |  7.4
Invocations    | 3 4 5 7 8 |  8.0

Action                     |  1- 3 |  4- 6 |  7- 9 || total
---------------------------+-------+-------+-------++-------
  Melee: Hand axe          |     3 |     3 |       ||     6
   Cast: Sandblast         |     6 |    34 |       ||    40
         Magic Dart        |       |     2 |       ||     2
         Stone Arrow       |       |       |    17 ||    17
 Invoke: Disaster Area     |       |       |     1 ||     1
    Use: Potion            |     2 |     1 |     2 ||     5
 Armour: Robe              |     1 |     3 |     1 ||     5
  Dodge: Dodged            |     7 |    19 |     5 ||    31
  Block: Other             |       |     7 |       ||     7

Table legend: (Time is in decaauts)
 A = Elapsed time spent in this place.
 B = Non-inter-level travel time spent in this place.
 C = Inter-level travel time spent in this place.
 D = Time resting spent in this place.
 E = Time spent auto-exploring this place.
 F = Levels seen in this place.
 G = Mean time per level.
                   A        B        C        D        E       F      G
               +--------+--------+--------+--------+--------+-----+--------+
         Total |   1910 |   1848 |     62 |   1508 |      0 |   1 | 1910.0 |
       Dungeon |   1910 |   1848 |     62 |   1508 |      0 |   1 | 1910.0 |
               +--------+--------+--------+--------+--------+-----+--------+

Top non-repeatable levels by time:
       D: 1910 daAuts
